[Event "Titled Tuesday Blitz May 10 Early 2022"]
[White "Wachinger, Guenther"]
[Black "Qashashvili, Alexandre"]
[WhiteFideId "4604261"]
[BlackFideId "13600842"]
[WhiteElo "2212"]
[BlackElo "2316"]
[Result "0-1"]
[Round "04"]
[TimeControl "180+1"]
[Date "2022.05.11"]
[WhiteClock "0:00:03"]
[BlackClock "0:00:04"]

1. e4 c6 2. c4 g6 3. d4 Bg7 4. Nc3 d5 5. cxd5 cxd5 6. Nxd5 Nc6 7. Nf3 Bg4 8. Be3 e6 9. Nc3 Bxd4 10. Bxd4 Bxf3 11. Qxf3 Nxd4 12. Bb5+ Kf8 13. Qd3 Nxb5 14. Qxb5 b6 15. Rd1 Qe8 16. O-O Qxb5 17. Nxb5 Nf6 18. f3 Ke7 19. Nd4 Rac8 20. Rd2 Rhd8 21. Rfd1 Rd7 22. Kf2 e5 23. Ne2 Rxd2 24. Rxd2 Rd8 25. Rxd8 Kxd8 26. Ke3 Kd7 27. g4 h6 28. Nc1 Kd6 29. Nd3 a5 30. h3 Nd7 31. a3 Nc5 32. Nxc5 Kxc5 33. Kd3 b5 34. Kc3 b4+ 35. axb4+ axb4+ 36. Kd3 Kb5 37. b3 Kc5 38. Ke3 Kd6 39. h4 Kc6 40. g5 hxg5 41. hxg5 Kd6 42. Kd3 Kc5 43. Ke3 Kc6 44. Ke2 Kd6 45. Ke3 Kc6 46. f4 exf4+ 47. Kxf4 Kd6 48. Ke3 Ke5 49. Kd3 f6 50. gxf6 Kxf6 51. Kd4 g5 52. Kd5 g4 53. Kd6 g3 54. e5+ Kf7 55. Kd7 g2 56. e6+ Kg7 57. e7 g1=Q 58. e8=Q Qa7+ 59. Kc6 Qa6+ 60. Kc5 Qa7+ 61. Kc4 Qc7+ 62. Kxb4 Qd6+ 63. Ka4 Qa6+ 64. Kb4 Qd6+ 65. Ka5 Qc5+ 66. Qb5 Qc3+ 67. b4 Qa3+ 68. Kb6 Kf7 69. Qc4+ Ke7 70. b5 Kd8 71. Qc7+ Ke8 72. Qc6+ Kd8 73. Qd5+ Ke8 74. Kb7 Qb4 75. b6 Qe7+ 76. Ka8 Qa3+ 77. Kb8 Qa5 78. b7 Qxd5 79. Ka7 Qa5+ 80. Kb8 Ke7 81. Kc8 Qd8# 0-1


[Site "https://www.chess.com"]

[Event "Titled Tuesday Blitz May 10 Early 2022"]
[White "Xiong, Jeffery"]
[Black "Maximov, Dmitry"]
[WhiteFideId "2047640"]
[BlackFideId "14105659"]
[WhiteElo "2727"]
[BlackElo "2494"]
[Result "1-0"]
[Round "04"]
[TimeControl "180+1"]
[Date "2022.05.10"]
[WhiteClock "0:00:55"]
[BlackClock "0:00:06"]

1. e4 c5 2. Nf3 d6 3. Nc3 Nc6 4. d4 cxd4 5. Nxd4 Nf6 6. Bg5 e6 7. Qd3 a6 8. O-O-O Bd7 9. f4 h6 10. Bh4 g5 11. fxg5 Ng4 12. Nxc6 Bxc6 13. Be2 Ne5 14. Qe3 Be7 15. Kb1 hxg5 16. Bg3 Qa5 17. Rhf1 Rh7 18. a3 O-O-O 19. Qg1 Rdh8 20. h3 Qc7 21. Bf2 b5 22. Bd4 f6 23. Bxe5 fxe5 24. Bg4 Bd7 25. Rd3 Kb7 26. Rdf3 Qb6 27. Qh2 Bd8 28. Qg3 Qc6 29. Rf8 Ba5 30. Rxh8 Rxh8 31. Rf7 Bxc3 32. Bxe6 Bd4 33. Bd5 Kb6 34. Bxc6 Bxc6 35. Qxg5 Bxe4 36. Qe7 Ka5 37. Qxd6 Rc8 38. b4+ 1-0


[Site "https://www.chess.com"]

[Event "Titled Tuesday Blitz May 10 Early 2022"]
[White "Xu, Yi"]
[Black "Karacsonyi, Gellert"]
[WhiteFideId "8605564"]
[BlackFideId "764620"]
[WhiteElo "2471"]
[BlackElo "2187"]
[Result "1-0"]
[Round "04"]
[TimeControl "180+1"]
[Date "2022.05.10"]
[WhiteClock "0:00:15"]
[BlackClock "0:00:01"]

1. e4 c5 2. Nf3 Nc6 3. Bb5 g6 4. O-O Bg7 5. Re1 e5 6. Bxc6 dxc6 7. a3 Qe7 8. b4 b6 9. bxc5 bxc5 10. d3 Nf6 11. a4 Nd7 12. Nbd2 Nf8 13. Nc4 Bg4 14. Rb1 Ne6 15. Rb7 Qd8 16. h3 Bxf3 17. Qxf3 O-O 18. Be3 Nd4 19. Bxd4 cxd4 20. a5 Qg5 21. Qg4 Qd8 22. a6 f5 23. exf5 Rxf5 24. Reb1 Qf6 25. Rb8+ Rxb8 26. Rxb8+ Bf8 27. Qe2 c5 28. g4 Qg5 29. h4 Qc1+ 30. Qf1 Qxf1+ 31. Kxf1 Rf6 32. Nxe5 Kg7 33. Nd7 1-0


[Site "https://www.chess.com"]

[Event "Titled Tuesday Blitz May 10 Early 2022"]
[White "Yuan, Qingyu"]
[Black "Le, Tuan Minh"]
[WhiteFideId "8609772"]
[BlackFideId "12401153"]
[WhiteElo "2359"]
[BlackElo "2450"]
[Result "1-0"]
[Round "04"]
[TimeControl "180+1"]
[Date "2022.05.10"]
[WhiteClock "0:00:09"]
[BlackClock "0:00:01"]

1. e4 d5 2. exd5 Qxd5 3. Nc3 Qa5 4. d4 c6 5. Nf3 Nf6 6. Ne5 Bf5 7. Bc4 e6 8. g4 Be4 9. Rg1 Bd5 10. Bd3 Nbd7 11. Nxd7 Nxd7 12. Bd2 Bb4 13. a3 Bxc3 14. Bxc3 Qc7 15. Rg3 O-O-O 16. Qe2 Rhe8 17. O-O-O Kb8 18. Re1 h6 19. h4 Ka8 20. Kb1 b5 21. h5 Qf4 22. Qe3 Qf6 23. f4 Nb6 24. b3 Qe7 25. Bb4 Qb7 26. Ka1 f6 27. Qe2 Qc7 28. Qf2 Kb7 29. Rge3 Qd7 30. Bc5 Qc7 31. Qf1 e5 32. fxe5 fxe5 33. dxe5 Be6 34. Bd6 Qd7 35. Bg6 Rg8 36. Bf5 Rge8 37. Rd3 Qc8 38. Qf3 Ka6 39. Kb2 Bd5 40. Bxc8+ Nxc8 41. Qf4 Nxd6 42. Rde3 Nc8 43. e6 Re7 44. g5 hxg5 45. Qxg5 Rde8 46. Qg6 Kb7 47. Re5 Nb6 48. Qg5 a5 49. Qg6 a4 50. R1e3 axb3 51. cxb3 Kc7 52. Qg3 Kb7 53. Rg5 Rxe6 54. Rxg7+ Ka6 55. Qc7 Ra8 56. Qb7+ 1-0


[Site "https://www.chess.com"]

[Event "Titled Tuesday Blitz May 10 Early 2022"]
[White "Zanette, Edgard Vinicius"]
[Black "Czerw, Dawid"]
[WhiteFideId "2109263"]
[BlackFideId "1145746"]
[WhiteElo "2182"]
[BlackElo "2125"]
[Result "0-1"]
[Round "04"]
[TimeControl "180+1"]
[Date "2022.05.11"]
[WhiteClock "0:02:16"]
[BlackClock "0:02:34"]

1. e4 c5 2. Nc3 g6 3. g3 Bg7 4. Bg2 Nc6 5. d3 d6 6. f4 e6 7. Nf3 Nge7 8. O-O O-O 9. Be3 b6 10. g4 f5 11. exf5 gxf5 12. g5 e5 0-1


[Site "https://www.chess.com"]

[Event "Titled Tuesday Blitz May 10 Early 2022"]
[White "Zemlyanskii, Ivan"]
[Black "Babazada, Khazar"]
[WhiteFideId "24249971"]
[BlackFideId "13413554"]
[WhiteElo "1815"]
[BlackElo "2406"]
[Result "0-1"]
[Round "04"]
[TimeControl "180+1"]
[Date "2022.05.10"]
[WhiteClock "0:00:06"]
[BlackClock "0:01:03"]

1. d4 Nf6 2. c4 g6 3. Nc3 Bg7 4. e4 d6 5. Nf3 O-O 6. Be2 Na6 7. O-O c6 8. Qc2 Qc7 9. a3 e5 10. Rd1 Bg4 11. Be3 exd4 12. Bxd4 Rfe8 13. b4 Qe7 14. e5 dxe5 15. Nxe5 Bxe2 16. Nxe2 Rad8 17. Bb2 Nc7 18. Ng3 Ne6 19. Nf3 Nf4 20. Rxd8 Rxd8 21. Re1 Qf8 22. h3 Ne6 23. Rd1 Rxd1+ 24. Qxd1 b5 25. cxb5 cxb5 26. Qd3 a6 27. Ne2 Qc8 28. Ne5 Nd7 29. Nxd7 Bxb2 30. Nb6 Qd8 31. Nd5 Bxa3 32. Ng3 Bb2 33. Ne4 Kg7 34. Qb3 Be5 35. Nc5 Nd4 36. Qa2 Nc6 37. Nxa6 Qg5 38. g3 Bd4 39. Kg2 Qf5 0-1


[Site "https://www.chess.com"]

[Event "Titled Tuesday Blitz May 10 Early 2022"]
[White "Zhigalko, Sergei"]
[Black "Hua, Lefong"]
[WhiteFideId "13502956"]
[BlackFideId "2602253"]
[WhiteElo "2662"]
[BlackElo "2610"]
[Result "1-0"]
[Round "04"]
[TimeControl "180+1"]
[Date "2022.05.10"]
[WhiteClock "0:00:01"]
[BlackClock "0:00:03"]

1. e4 c5 2. Nf3 g6 3. c3 Nc6 4. d4 d5 5. exd5 Qxd5 6. Na3 Bg4 7. Bc4 Qe4+ 8. Be3 cxd4 9. cxd4 Bh6 10. Qb3 Bxf3 11. Bxf7+ Kf8 12. gxf3 Qf5 13. Bxg8 Bxe3 14. fxe3 Rxg8 15. Qxb7 Rc8 16. Rc1 Qe6 17. Kf2 Kg7 18. Rhd1 Rgf8 19. Nc4 Qh3 20. Nd2 Qxh2+ 21. Ke1 Qh1+ 22. Ke2 Qh2+ 23. Kd3 Ne5+ 24. dxe5 Rfd8+ 25. Ke4 Rxc1 26. Qxe7+ Kh6 27. Rxc1 Rxd2 28. Rc7 1-0


[Site "https://www.chess.com"]

[Event "Titled Tuesday Blitz May 10 Early 2022"]
[White "Zlatin, Alexander"]
[Black "parintele_chess"]
[WhiteFideId "2810549"]
[WhiteElo "2228"]
[BlackElo "2218"]
[Result "1/2-1/2"]
[Round "04"]
[TimeControl "180+1"]
[Date "2022.05.11"]
[WhiteClock "0:00:04"]
[BlackClock "0:00:03"]

1. d4 d5 2. Nc3 c5 3. Nf3 Nc6 4. Bf4 Nf6 5. e3 a6 6. dxc5 Bg4 7. Be2 e6 8. Ne5 Bxe2 9. Qxe2 Bxc5 10. O-O O-O 11. Rad1 Bd6 12. Nxc6 bxc6 13. Bxd6 Qxd6 14. e4 Qf4 15. g3 Qg4 16. f3 Qh5 17. e5 Nd7 18. f4 Qxe2 19. Nxe2 Nc5 20. Nd4 Rfc8 21. f5 g6 22. fxe6 Nxe6 23. Rf6 Nxd4 24. Rxd4 Rab8 25. b3 Rb7 26. Ra4 Rb6 27. e6 Rf8 28. Raf4 Rb7 29. Kf2 Re7 30. exf7+ Rexf7 31. Rxc6 Rxf4+ 32. gxf4 Rxf4+ 33. Kg3 Rd4 34. Rxa6 Rd2 35. Rc6 d4 36. Kf3 Rxh2 37. a4 Rh5 38. Rc4 Rd5 39. Ke4 Rd8 40. Rxd4 Re8+ 41. Kd3 h5 42. a5 Kg7 43. a6 g5 44. b4 g4 45. b5 g3 46. Rd5 Kg6 47. Rd6+ Kg5 48. Rd7 Kg6 49. Rd6+ Kg5 50. Rd5+ Kg6 51. Rd6+ 1/2-1/2


[Site "https://www.chess.com"]

[Event "Titled Tuesday Blitz May 10 Early 2022"]
[White "talman67"]
[Black "Perez Rodriguez, Jennifer"]
[BlackFideId "3507831"]
[WhiteElo "2211"]
[BlackElo "2170"]
[Result "1-0"]
[Round "04"]
[TimeControl "180+1"]
[Date "2022.05.11"]
[WhiteClock "0:00:12"]
[BlackClock "0:00:12"]

1. e4 e5 2. Nf3 Nc6 3. Bb5 f5 4. d3 fxe4 5. dxe4 Nf6 6. O-O Bc5 7. Qd3 d6 8. a3 O-O 9. Bc4+ Kh8 10. Nc3 Qe8 11. Bg5 Qg6 12. Bxf6 gxf6 13. Nh4 Qh5 14. Nf5 Nd4 15. Ng3 Qg6 16. Nd5 c6 17. Ne7 Qe8 18. Nxc8 Rxc8 19. c3 Ne6 20. b4 Nf4 21. Qd1 Bb6 22. Nf5 Rd8 23. Qg4 Qg6 24. Qf3 Rd7 25. g3 d5 26. Bb3 Nh3+ 27. Kg2 Ng5 28. Qd3 Nxe4 29. Nh4 Qh5 30. f3 Ng5 31. Qf5 Qf7 32. Rae1 Ne6 33. f4 e4 34. Rxe4 dxe4 35. Bxe6 Rd2+ 36. Kh3 Qg7 37. Qh5 e3 38. Bf5 Rfd8 39. a4 Re8 40. Qxe8+ Qg8 41. Qh5 e2 42. Re1 Bf2 43. Rxe2 Rxe2 44. Qxe2 Bb6 45. Qe7 Bf2 46. Qxf6+ Qg7 47. Qxg7+ Kxg7 48. Kg2 Be1 49. c4 Bxb4 50. Kf3 Bc5 51. Bc8 b6 52. Bb7 Bg1 53. Bxc6 Kf6 54. Be4 h6 55. h3 Bc5 56. Nf5 h5 57. g4 h4 58. g5+ Kf7 59. Kg4 Bf2 60. Nxh4 1-0


[Site "https://www.chess.com"]

[Event "Titled Tuesday Blitz May 10 Early 2022"]
[White "Aaditya Dhingra"]
[Black "Qashashvili, Alexandre"]
[WhiteFideId "25678191"]
[BlackFideId "13600842"]
[WhiteElo "1849"]
[BlackElo "2316"]
[Result "1-0"]
[Round "05"]
[TimeControl "180+1"]
[Date "2022.05.11"]
[WhiteClock "0:01:57"]
[BlackClock "0:01:02"]

1. d4 c6 2. c4 d5 3. Nc3 Nf6 4. Nf3 Bf5 5. g3 e6 6. Bg2 Ne4 7. O-O h6 8. Be3 Nd7 9. Nxe4 Bxe4 10. Nd2 Bxg2 11. Kxg2 Be7 12. f3 O-O 13. Bf2 f5 14. Qc2 Rc8 15. c5 e5 16. e3 e4 17. f4 b5 18. a4 a6 19. axb5 axb5 20. Ra6 Qc7 21. Rfa1 Rb8 22. Nb3 Rfc8 23. Qd1 Bd8 24. Qh5 Nf6 25. Qxf5 Qb7 26. Ra7 1-0


[Site "https://www.chess.com"]

[Event "Titled Tuesday Blitz May 10 Early 2022"]
[White "Abrahamyan, Tatev"]
[Black "Jaracz, Pawel"]
[WhiteFideId "13301918"]
[BlackFideId "1102222"]
[WhiteElo "2352"]
[BlackElo "2429"]
[Result "0-1"]
[Round "05"]
[TimeControl "180+1"]
[Date "2022.05.11"]
[WhiteClock "0:00:27"]
[BlackClock "0:01:07"]

1. e4 e5 2. Nf3 Nc6 3. Bc4 Bc5 4. O-O d6 5. c3 Nf6 6. d3 a6 7. Bb3 O-O 8. Nbd2 Re8 9. Re1 Be6 10. Nf1 h6 11. h3 d5 12. Qe2 Qd7 13. Ng3 Rad8 14. Nh4 Bf8 15. Qf3 dxe4 16. dxe4 Bxb3 17. axb3 Re6 18. Nhf5 Kh7 19. Be3 g6 20. Red1 Qe8 21. Rxd8 Qxd8 22. Rd1 Qe8 23. Nh4 Bg7 24. Qe2 Qe7 25. Nf3 Rd6 26. b4 Rxd1+ 27. Qxd1 Nd7 28. Qd5 Nf8 29. Ne1 Ne6 30. Nd3 Qe8 31. b5 axb5 32. Qxb5 b6 33. Qd5 Ne7 34. Qc4 Qd7 35. Nb4 Nf4 36. Kh2 Kg8 37. Ne2 b5 0-1


[Site "https://www.chess.com"]

[Event "Titled Tuesday Blitz May 10 Early 2022"]
[White "Acosta Cruz, Oscar Yosimar"]
[Black "Harish, Neeraj"]
[WhiteFideId "5111269"]
[BlackFideId "30958130"]
[WhiteElo "2147"]
[BlackElo "1574"]
[Result "1-0"]
[Round "05"]
[TimeControl "180+1"]
[Date "2022.05.11"]
[WhiteClock "0:00:55"]
[BlackClock "0:00:02"]

1. e4 c5 2. Nf3 d6 3. c3 Nf6 4. d3 Nc6 5. g3 g6 6. Bg2 Bg7 7. O-O O-O 8. Re1 e5 9. Nbd2 Be6 10. Nf1 Nd7 11. Ne3 f5 12. exf5 gxf5 13. d4 cxd4 14. cxd4 e4 15. d5 exf3 16. Bxf3 Nce5 17. dxe6 Nxf3+ 18. Qxf3 Ne5 19. Qd5 Qe7 20. f4 Nc6 21. Nxf5 Rxf5 22. Qxf5 Nd4 23. Qd3 Qc7 24. Bd2 Re8 25. f5 Qc2 26. Qxc2 Nxc2 27. Bc3 Bxc3 28. bxc3 Nxa1 29. Rxa1 Kg7 30. Kf2 Kf6 31. g4 h5 32. h3 hxg4 33. hxg4 Rc8 34. Rc1 Rc4 35. Kf3 Ra4 36. Rc2 Ra5 37. c4 a6 38. Kf4 Rc5 39. g5+ Ke7 40. a4 a5 41. Kg4 Re5 42. Rb2 Re4+ 43. Kh5 Rxc4 44. Rxb7+ Ke8 45. f6 Rc8 46. g6 1-0


[Site "https://www.chess.com"]

[Event "Titled Tuesday Blitz May 10 Early 2022"]
[White "Ajay Krishna, S"]
[Black "Maksimenko, Viktor"]
[WhiteFideId "5096430"]
[BlackFideId "13710478"]
[WhiteElo "2247"]
[BlackElo "2269"]
[Result "0-1"]
[Round "05"]
[TimeControl "180+1"]
[Date "2022.05.11"]
[WhiteClock "0:00:03"]
[BlackClock "0:01:02"]

1. d4 Nf6 2. c4 e6 3. Nf3 b6 4. g3 Bb7 5. Bg2 Bb4+ 6. Bd2 Be7 7. O-O c6 8. Nc3 O-O 9. e4 d5 10. e5 Ne4 11. cxd5 cxd5 12. Rc1 Nc6 13. Be3 Rc8 14. Nxe4 dxe4 15. Nd2 Nxd4 16. Rxc8 Bxc8 17. Nxe4 Nf5 18. Bd2 Qc7 19. Bc3 Rd8 20. Qg4 Bb7 21. h4 Kh8 22. h5 h6 23. Rd1 b5 24. a3 Rxd1+ 25. Qxd1 Bd5 26. Qd3 Qc6 27. f3 Bd8 28. Bf1 Bb6+ 29. Kh2 Bc4 30. Qb1 Ne3 31. Bxc4 Qxc4 32. Qe1 Qd3 33. Kh3 Kg8 34. g4 Nd5 35. Kg3 Bc7 36. Qd2 Qxd2 37. Bxd2 Bxe5+ 38. Kf2 Bxb2 39. Nd6 a6 40. Ne8 Bxa3 41. Ke2 Kf8 0-1


[Site "https://www.chess.com"]

[Event "Titled Tuesday Blitz May 10 Early 2022"]
[White "Al-Tarboush, Ward"]
[Black "Manukian, Artak"]
[WhiteFideId "7601450"]
[BlackFideId "13301373"]
[WhiteElo "2294"]
[BlackElo "2413"]
[Result "1-0"]
[Round "05"]
[TimeControl "180+1"]
[Date "2022.05.11"]
[WhiteClock "0:00:38"]
[BlackClock "0:00:50"]

1. e4 c6 2. Nf3 d5 3. Nc3 dxe4 4. Nxe4 Nf6 5. Nxf6+ exf6 6. Bc4 Bd6 7. Qe2+ Qe7 8. Qxe7+ Kxe7 9. O-O Be6 10. Re1 Kd7 11. Be2 Bg4 12. d4 Re8 13. Be3 Na6 14. Ne5+ fxe5 15. Bxg4+ Kc7 16. Rad1 Nb4 17. dxe5 Rxe5 18. Rxd6 Kxd6 19. Bf4 f6 20. Rd1+ Kc5 21. Bxe5 fxe5 22. Rd7 b5 23. Rxg7 Nxc2 24. Rxh7 a5 25. h4 a4 26. Re7 a3 27. bxa3 Nxa3 28. Rxe5+ Kd6 29. Re6+ Kd5 30. Rg6 Nc4 31. Bf3+ Kd4 32. Bxc6 Rxa2 33. Bxb5 Ne5 34. Rg5 Ra5 35. Be2 Ra2 36. Bf1 Ke4 37. h5 Kf4 38. Rg8 Ra7 39. g3+ Kf5 40. Bh3+ Kf6 41. Rf8+ Kg7 42. Rf5 Nf7 43. Kg2 Kh6 44. Bg4 Re7 45. Rf6+ Kh7 46. Bf5+ Kg7 47. Rg6+ Kh8 48. h6 Ne5 49. Ra6 Rf7 50. Ra8+ 1-0


[Site "https://www.chess.com"]

[Event "Titled Tuesday Blitz May 10 Early 2022"]
[White "Andreikin, Dmitry"]
[Black "Kamsky, Gata"]
[WhiteFideId "4158814"]
[BlackFideId "2000024"]
[WhiteElo "2736"]
[BlackElo "2645"]
[Result "1-0"]
[Round "05"]
[TimeControl "180+1"]
[Date "2022.05.10"]
[WhiteClock "0:00:04"]
[BlackClock "0:00:02"]

1. d4 Nf6 2. c4 e6 3. Nf3 b6 4. a3 Bb7 5. Nc3 d6 6. d5 e5 7. e4 Be7 8. Bd3 O-O 9. b4 Bc8 10. h3 h6 11. Be3 Nh7 12. c5 dxc5 13. bxc5 Bxc5 14. Bxc5 bxc5 15. O-O Qe7 16. Qc2 c6 17. Rfc1 Nf6 18. Rab1 cxd5 19. Nxd5 Nxd5 20. exd5 Nd7 21. Nd2 Nb6 22. Be4 Rb8 23. Qxc5 Qxc5 24. Rxc5 Rd8 25. Nc4 f5 26. Bc2 e4 27. Ne5 Rb7 28. Nc6 Rd6 29. a4 Kf8 30. a5 Nd7 31. Rxb7 Bxb7 32. Rc3 Rxd5 33. Nd8 Ba6 34. Rc7 Bb5 35. Rxa7 Nc5 36. Nb7 Nxb7 37. Rxb7 Ba6 38. Ra7 Rxa5 39. g4 Ra1+ 40. Kh2 Rc1 41. Bb3 Bc8 42. gxf5 Rc5 43. Rf7+ Ke8 44. Rxg7 Bxf5 45. Ra7 Rc3 46. Ba4+ Kf8 47. Ra6 Kg7 48. Be8 Rf3 49. Kg2 Bxh3+ 50. Kg1 Bf5 51. Bh5 Rf4 52. Kg2 Bg4 53. Kg3 Rxf2 54. Rg6+ Kh7 55. Rxg4 Rf5 56. Bg6+ 1-0


[Site "https://www.chess.com"]

[Event "Titled Tuesday Blitz May 10 Early 2022"]
[White "Arias, Juan Cruz"]
[Black "Ballester Llagaria, Luis Eduardo"]
[WhiteFideId "118540"]
[BlackFideId "2297620"]
[WhiteElo "2091"]
[BlackElo "2344"]
[Result "1-0"]
[Round "05"]
[TimeControl "180+1"]
[Date "2022.05.11"]
[WhiteClock "0:02:14"]
[BlackClock "0:01:18"]

1. e4 e6 2. d4 d5 3. Nd2 Be7 4. Ngf3 Nf6 5. Bd3 c5 6. c3 Nc6 7. O-O cxd4 8. cxd4 dxe4 9. Nxe4 O-O 10. Re1 Nb4 11. Bb1 b6 12. Nfg5 g6 13. Qf3 Nbd5 14. Qh3 Bb7 15. Qh6 Re8 16. Nxf7 Kxf7 17. Ng5+ Kg8 18. Bxg6 Bf8 19. Bxh7+ 1-0


[Site "https://www.chess.com"]

[Event "Titled Tuesday Blitz May 10 Early 2022"]
[White "Azarov, Sergei"]
[Black "Yuan, Qingyu"]
[WhiteFideId "13501470"]
[BlackFideId "8609772"]
[WhiteElo "2494"]
[BlackElo "2359"]
[Result "0-1"]
[Round "05"]
[TimeControl "180+1"]
[Date "2022.05.10"]
[WhiteClock "0:00:01"]
[BlackClock "0:00:06"]

1. e4 c6 2. d4 d5 3. e5 c5 4. dxc5 e6 5. a3 Bxc5 6. Qg4 Ne7 7. Bd3 O-O 8. Nf3 f5 9. exf6 Rxf6 10. Qh5 h6 11. O-O Bd6 12. Re1 Nbc6 13. Nc3 e5 14. Bg5 hxg5 15. Qh7+ Kf8 16. Qh8+ Ng8 17. Bh7 Ne7 18. Nxd5 Be6 19. Nxf6 gxf6 20. Rad1 Kf7 21. Bxg8+ Nxg8 22. Qh7+ Kf8 23. Qxb7 Rb8 24. Qc6 Rb6 25. Qe4 Qc7 26. Rd2 Kg7 27. Red1 Ne7 28. c3 a5 29. Nd4 Bf7 30. Nf5+ Nxf5 31. Qxf5 Bg6 32. Qe6 Bf7 33. Qf5 e4 34. Qxe4 Bxh2+ 35. Kh1 Bd6 36. Kg1 Qc5 37. Qe3 Qxe3 38. fxe3 Bc5 39. Kf2 Bb3 40. Rd7+ Kg6 41. R1d2 a4 42. g4 Re6 43. R2d3 Bc2 44. R3d4 Bxd4 45. exd4 Bb3 46. d5 Re5 47. d6 Rd5 48. Ke3 f5 49. gxf5+ Kxf5 50. Rd8 Ke6 51. c4 Rxd6 52. Rg8 Kf6 53. Rf8+ Kg7 54. Rc8 Re6+ 55. Kd4 g4 56. c5 g3 57. c6 g2 0-1


[Site "https://www.chess.com"]

[Event "Titled Tuesday Blitz May 10 Early 2022"]
[White "Babazada, Khazar"]
[Black "Meshkovs, Nikita"]
[WhiteFideId "13413554"]
[BlackFideId "11602740"]
[WhiteElo "2406"]
[BlackElo "2506"]
[Result "0-1"]
[Round "05"]
[TimeControl "180+1"]
[Date "2022.05.10"]
[WhiteClock "0:00:34"]
[BlackClock "0:00:23"]

1. Nf3 d5 2. g3 Nf6 3. Bg2 e6 4. O-O Be7 5. b3 a5 6. Bb2 a4 7. c4 a3 8. Bc3 O-O 9. d3 c5 10. e3 dxc4 11. dxc4 Nc6 12. Qc2 Nb4 13. Bxb4 cxb4 14. Nbd2 Qc7 15. Rfd1 Bd7 16. Rac1 Bc6 17. Nd4 Bxg2 18. Kxg2 b6 19. N2f3 Qb7 20. Kg1 Rac8 21. Qe2 Ne4 22. Qf1 Nc3 23. Rd2 Rfd8 24. Qg2 Bf6 25. Rcc2 Rd7 26. g4 g6 27. h4 Rcd8 28. Nb5 Nxb5 29. cxb5 Bc3 30. Rxd7 Qxd7 31. Qf1 Qd5 32. Qe2 Qe4 33. Nh2 Rd5 34. Nf1 h5 35. gxh5 Qxh4 36. Ng3 gxh5 37. Qf3 Qh3 38. e4 Rg5 39. Qf4 Rg4 40. Qb8+ Kh7 41. Qc7 Rg7 0-1


[Site "https://www.chess.com"]

[Event "Titled Tuesday Blitz May 10 Early 2022"]
[White "Bach, Ngoc Thuy Duong"]
[Black "Piliczewski, Bogusz"]
[WhiteFideId "12408956"]
[BlackFideId "1104144"]
[WhiteElo "1862"]
[BlackElo "1896"]
[Result "1-0"]
[Round "05"]
[TimeControl "180+1"]
[Date "2022.05.11"]
[WhiteClock "0:00:02"]
[BlackClock "0:00:01"]

1. d4 d5 2. c4 c6 3. Nf3 Nf6 4. Nc3 e6 5. e3 Nbd7 6. Qc2 Bd6 7. b3 a6 8. Bb2 b5 9. Bd3 O-O 10. O-O Bb7 11. Rad1 Qe7 12. Rfe1 Rfc8 13. c5 Bc7 14. e4 dxe4 15. Nxe4 Nxe4 16. Bxe4 Nf8 17. Bd3 Rd8 18. Qe2 Ba5 19. Rf1 Rd7 20. Ne5 Rdd8 21. Qf3 Rac8 22. Be4 Qe8 23. Bb1 Bc7 24. Ng4 Ng6 25. Rfe1 Qe7 26. b4 Qh4 27. g3 Qh3 28. Bd3 h5 29. Ne3 Nh4 30. Qh1 1-0


[Site "https://www.chess.com"]

[Event "Titled Tuesday Blitz May 10 Early 2022"]
[White "Baches Garcia, Guillermo"]
[Black "Zemlyanskii, Ivan"]
[WhiteFideId "2209764"]
[BlackFideId "24249971"]
[WhiteElo "2519"]
[BlackElo "1815"]
[Result "1-0"]
[Round "05"]
[TimeControl "180+1"]
[Date "2022.05.11"]
[WhiteClock "0:00:09"]
[BlackClock "0:00:13"]

1. e4 c5 2. Nf3 e6 3. c4 Nc6 4. Nc3 Nd4 5. Nxd4 cxd4 6. Nb1 e5 7. d3 Nf6 8. Be2 Bb4+ 9. Nd2 O-O 10. O-O Be7 11. f4 d6 12. h3 Nd7 13. Nf3 Rb8 14. Qe1 b5 15. cxb5 Rxb5 16. Qg3 f6 17. Nh4 Nc5 18. fxe5 dxe5 19. Bh6 Rf7 20. Bh5 Qf8 21. Nf5 Bxf5 22. Rxf5 Rxb2 23. Raf1 Kh8 24. Bxf7 Qxf7 25. Bc1 Rb1 26. Rxe5 Rxc1 27. Rxe7 Rxf1+ 28. Kxf1 Qg8 29. Qc7 Ne6 30. Qd7 Nc5 31. Qe8 Nxd3 32. Qxg8+ Kxg8 33. Rxa7 Nc5 34. Ke2 Nxe4 35. Kd3 Nd6 36. a4 Kf8 37. Kxd4 Ke8 38. Kc5 Ne4+ 39. Kb6 Nc3 40. a5 Nd5+ 41. Kc5 Nc3 42. Rxg7 Ne4+ 43. Kb6 f5 44. Rxh7 Nd6 45. a6 Kd8 46. a7 Nc8+ 47. Kb7 Nxa7 48. Kxa7 f4 49. Rh5 Ke8 50. Rf5 f3 51. Rxf3 Ke7 52. h4 Ke6 53. h5 Ke5 54. h6 Ke4 55. Rf1 Kd4 56. h7 Ke3 57. Rf8 1-0


[Site "https://www.chess.com"]

[Event "Titled Tuesday Blitz May 10 Early 2022"]
[White "Bacrot, Etienne"]
[Black "Bluebaum, Matthias"]
[WhiteFideId "605506"]
[BlackFideId "24651516"]
[WhiteElo "2673"]
[BlackElo "2556"]
[Result "1-0"]
[Round "05"]
[TimeControl "180+1"]
[Date "2022.05.10"]
[WhiteClock "0:00:09"]
[BlackClock "0:00:06"]

1. e4 c6 2. Nf3 d5 3. Nc3 dxe4 4. Nxe4 Nf6 5. Qe2 Nxe4 6. Qxe4 Qa5 7. b4 Qd5 8. Qe3 Bf5 9. c4 Qe4 10. Bb2 e6 11. a3 a5 12. b5 cxb5 13. cxb5 Nd7 14. Rc1 Bc5 15. Qxe4 Bxe4 16. Bxg7 Bxa3 17. Ra1 Rg8 18. Bc3 Bd6 19. Rxa5 Rxa5 20. Bxa5 Ke7 21. Bc3 Nc5 22. h4 Nd3+ 23. Ke2 Bc5 24. Ng5 Bf5 25. g4 Nxf2 26. gxf5 Nxh1 27. f6+ Ke8 28. Kf3 Nf2 29. b6 Rxg5 30. hxg5 Bxb6 31. d4 Nd1 32. Bb5+ Kf8 33. Bb4+ Kg8 34. Ke2 Bxd4 35. Kxd1 Be3 36. Bd2 Bxd2 37. Kxd2 h6 38. gxh6 Kh7 39. Ke3 Kxh6 40. Kf4 Kg6 41. Ke5 b6 42. Be8 b5 43. Bxb5 Kg5 44. Bd7 Kg6 45. Bxe6 1-0


[Site "https://www.chess.com"]

[Event "Titled Tuesday Blitz May 10 Early 2022"]
[White "Bai, Adelard"]
[Black "Czerw, Dawid"]
[WhiteFideId "16301188"]
[BlackFideId "1145746"]
[WhiteElo "2120"]
[BlackElo "2125"]
[Result "0-1"]
[Round "05"]
[TimeControl "180+1"]
[Date "2022.05.11"]
[WhiteClock "0:00:03"]
[BlackClock "0:00:04"]

1. Nf3 c5 2. g3 Nc6 3. Bg2 g6 4. O-O Bg7 5. d3 d5 6. Nbd2 e6 7. e4 Nge7 8. c3 b6 9. Qe2 a5 10. Rd1 a4 11. a3 Ba6 12. h4 h5 13. Ng5 d4 14. c4 e5 15. f4 Bc8 16. f5 f6 17. Ne6 Bxe6 18. fxe6 Qd6 19. Bh3 Nd8 20. b3 Nxe6 21. Rb1 Bh6 22. Nf3 Bxc1 23. Rdxc1 g5 24. Bf5 Ng7 25. hxg5 fxg5 26. Nxg5 Qf6 27. Nf3 Rg8 28. Nh4 Ngxf5 29. Qxh5+ Kd7 30. exf5 Rxg3+ 31. Kh2 Rxd3 32. Ng6 Nxg6 33. Qxg6 Qh4+ 34. Kg2 Qh3+ 35. Kf2 Qf3+ 36. Kg1 Qe3+ 37. Kf1 Qf4+ 38. Kg2 Rd2+ 39. Kg1 Qf2+ 40. Kh1 Qh2# 0-1


[Site "https://www.chess.com"]

[Event "Titled Tuesday Blitz May 10 Early 2022"]
[White "Barp, Alberto"]
[Black "Munoz, Francisco Javier"]
[WhiteFideId "872555"]
[BlackFideId "128368"]
[WhiteElo "2229"]
[BlackElo "2383"]
[Result "1-0"]
[Round "05"]
[TimeControl "180+1"]
[Date "2022.05.11"]
[WhiteClock "0:00:13"]
[BlackClock "0:00:11"]

1. Nf3 d5 2. d3 Nf6 3. Bg5 Nbd7 4. Nbd2 g6 5. e4 dxe4 6. dxe4 e5 7. Bc4 Bg7 8. Qe2 O-O 9. O-O-O h6 10. Bh4 Qe8 11. Bg3 Nh5 12. Nf1 Kh7 13. Ne3 c6 14. Kb1 Nc5 15. Nd2 b5 16. Bd3 a5 17. Nb3 Ne6 18. c3 a4 19. Na1 Nef4 20. Qc2 a3 21. b4 Nxd3 22. Rxd3 f5 23. exf5 gxf5 24. Rd6 Kh8 25. Bh4 f4 26. Nb3 fxe3 27. fxe3 Bf5 28. e4 Be6 29. Nc5 Bc4 30. Nd7 Rf1+ 31. Rxf1 Bxf1 32. Qf2 Bc4 33. Nb6 Rb8 34. Nxc4 bxc4 35. Qf5 Nf4 36. Bf6 Qf8 37. Qxe5 Ng6 38. Bxg7+ Qxg7 39. Qxg7+ Kxg7 40. Rxc6 Rf8 41. Rxc4 Rf2 42. Rc7+ Kf6 43. Ra7 Ne5 44. Rxa3 Rxg2 45. Rb3 Rxh2 46. a4 Nc4 47. Ka1 Rh1+ 48. Ka2 Rh2+ 49. Ka1 Ke5 50. b5 Rh1+ 51. Ka2 Rh2+ 52. Ka1 Na5 53. Rb4 h5 54. b6 Rd2 55. Rb5+ Kd6 56. Rxa5 Kc6 57. Rb5 Kb7 58. a5 Rd1+ 59. Kb2 h4 60. Rh5 Ka6 61. Rxh4 Rd2+ 62. Kb3 Rd7 63. Rh5 Kb7 64. Kb4 1-0


[Site "https://www.chess.com"]